 Dungeon Crawl Stone Soup version 0.31-a0-216-g22e908daa7 (webtiles) character file.

Game seed: 6856934636051855178

313 qw the Shooter (level 6, -3/37 HPs)
             Began as a Gargoyle Hexslinger on July 2, 2023.
             Killed from afar by an orc wizard (4 damage)
             ... with a puff of flame
             ... on level 4 of the Dungeon.
             The game lasted 00:01:06 (2805 turns).

qw the Shooter (Gargoyle Hexslinger)                Turns: 2805, Time: 00:01:07

Health: -3/37      AC:  9    Str: 11    XL:     6   Next: 43%
Magic:  7/7        EV: 10    Int: 14    God:
Gold:   133        SH:  0    Dex: 14    Spells: 6/7 levels left

rFire   . . .        Y - +1 sling
rCold   . . .        (no shield)
rNeg    + . .        e - +0 ring mail
rPois   inf          (no helmet)
rElec   +            (no cloak)
rCorr   .            (no gloves)
SInv    .            (no boots)
Will    .....        (no amulet)
Stlth   +            (no ring)
HPRegen 0.26/turn    (no ring)
MPRegen 0.10/turn

%: no passive effects
@: no status effects
A: sickness immunity, AC +4, negative energy resistance 1, electricity
resistance, torment resistance 1, petrification resistance
a: no special abilities


You were on level 4 of the Dungeon.
You visited 1 branch of the dungeon, and saw 4 of its levels.

You collected 161 gold pieces.
You spent 28 gold pieces at shops.


Innate Abilities, Weirdness & Mutations

You are immune to sickness and miasma.
Your stone body is resilient. (AC +4)
You are immune to poison.
You resist negative energy. (rN+)
You are resistant to electric shocks. (rElec)
You are resistant to unholy torment.
You are immune to petrification.


   Skills:
 - Level 3.0 Fighting
 + Level 5.9 Ranged Weapons
 - Level 1.0 Armour
 - Level 1.5 Dodging
 - Level 1.0 Spellcasting
 - Level 2.6 Hexes


You had 6 spell levels left.
You knew the following spells:

 Your Spells              Type           Power      Damage    Failure   Level
a - Slow                  Hex            32%        N/A       21%         1

Your spell library contained the following spells:

 Spells                   Type           Power      Damage    Failure   Level
 Inner Flame              Hex/Fire       4%         N/A       71%         3
 Portal Projectile        Hex/Tloc       8%         N/A       71%         3
 Cause Fear               Hex            4%         N/A       90%         4

Inventory:

Hand Weapons
 Y - a +1 sling (weapon)
Armour
 e - a +0 ring mail (worn)
 g - a +0 helmet
 i - a +0 cloak
 m - a +1 pair of boots
Jewellery
 l - an amulet of guardian spirit
Scrolls
 c - a scroll of identify
Potions
 a - 2 potions of might
 b - a potion of mutation
 d - a potion of curing {unknown}
 f - a potion of brilliance {unknown}
 h - a potion of berserk rage {unknown}
 j - 2 potions of enlightenment
 k - a potion of ambrosia {unknown}
 o - a potion of attraction {unknown}

Dungeon Overview and Level Annotations

Branches:
Dungeon (4/15)
 Temple: D:4-7

Altars:

Shops:
D:1 =   D:2 ?


Message History

Beogh smites you!
You shoot a sling bullet.
The sling bullet closely misses the orc.
The orc hits you with a +0 dagger. The orc hits you but does no damage.
Something hits you.
You shoot a sling bullet. The sling bullet hits the orc.
You kill the orc!
The goblin hits you with a +0 club. The orc barely misses you.
Something hits you.
You shoot a sling bullet. The sling bullet hits the goblin.
The goblin is moderately wounded.
The goblin misses you.
You hear some strange, mumbled words.
You are confused.
The orc hits you but does no damage. The orc hits you but does no damage.
The goblin barely misses you. Something hits you.
The goblin hits you but does no damage. The orc closely misses you.
Something hits you but does no damage. The goblin barely misses you.
Something hits you. The orc closely misses you. The orc closely misses you.
The goblin misses you. Something hits you but does no damage.
The orc hits you with a +0 dagger. Something hits you but does no damage.
The goblin hits you but does no damage. The goblin hits you but does no damage.
The orc barely misses you. Something hits you but does no damage.
You feel less confused. The goblin hits you but does no damage.
The orc barely misses you. Something hits you.
You shoot a sling bullet. The sling bullet hits the goblin.
You kill the goblin!
The orc hits you but does no damage. Something hits you but does no damage.
The orc hits you but does no damage. Something hits you but does no damage.
You shoot a sling bullet. The sling bullet hits the orc.
The orc is lightly wounded.
The orc closely misses you.
You hear some strange, mumbled words.
A puff of flame appears from out of thin air!
The puff of flame hits you.
You die...

.# ##. #.# ....#. #
#.## # ...... ....#
.. >...#.# .#..##.
....... .....
.....>. #..# ..
.....!o###..###....
#({@........#
#.....)).#..####.#
#...####.#......#
### #.##.####.#
#.##.## #.##..#
#.###.######
#..........#
######..#######.#.#


You could see an orc.

Vanquished Creatures
  Sigmund (D:2)
  A hound (D:3)
  Jessica (D:2)
  3 adders
  3 orcs
  3 ball pythons
  4 bats
  5 endoplasms
  7 giant cockroaches
  6 hobgoblins
  7 jackals
  5 quokkas (D:3)
  A frilled lizard (D:1)
  6 goblins
  8 kobolds
  A rat (D:2)
62 creatures vanquished.

Notes
Turn   | Place    | Note
-------+----------+-------------------------------------------
     0 | D:1      | qw the Gargoyle Hexslinger began the quest for the Orb.
     0 | D:1      | Reached XP level 1. HP: 12/12 MP: 2/2
     0 | D:1      | 0 ||| qw: Version: 0.3-a-39-g4513739
     0 | D:1      | 0 ||| qw: Game counter: 7899
     0 | D:1      | 0 ||| qw: Melee chars always use a shield: true
     0 | D:1      | 0 ||| qw: God list: Okawaru
     0 | D:1      | 0 ||| qw: Allow faded altars: false
     0 | D:1      | 0 ||| qw: Do Orc after clearing Dungeon:15 true
     0 | D:1      | 0 ||| qw: Do second Lair branch before Depths: true
     0 | D:1      | 0 ||| qw: Lair rune preference: random
     0 | D:1      | 0 ||| qw: Goals: Normal
     0 | D:1      | 0 ||| PLANNING D:1-11
   156 | D:1      | Found Wosh's Jewellery Shop.
   231 | D:1      | 231 ||| SHOPLISTING +4 ring of protection (396 gold, have
                  | 20).
   231 | D:1      | 231 ||| SHOPLISTING amulet of faith (440 gold, have 20).
   231 | D:1      | 231 ||| SHOPLISTING ring of fire (275 gold, have 20).
   231 | D:1      | 231 ||| SHOPLISTING ring of positive energy (220 gold, have
                  | 20).
   231 | D:1      | 231 ||| SHOPLISTING ring of resist corrosion (220 gold,
                  | have 20).
   231 | D:1      | 231 ||| SHOPLISTING ring of see invisible (165 gold, have
                  | 20).
   320 | D:1      | Reached XP level 2. HP: 16/16 MP: 3/3
   595 | D:1      | 595 ||| UPGRADING to +0 ring mail.
   605 | D:1      | 605 ||| DROPPING +0 robe.
   606 | D:1      | 606 ||| READING scroll labelled MET ZOBROGRU.
   607 | D:1      | 607 ||| DROPPING scroll of poison.
   659 | D:2      | Reached skill level 3 in Ranged Weapons
   712 | D:2      | Noticed Jessica
   714 | D:2      | Killed Jessica
   715 | D:2      | Reached XP level 3. HP: 22/22 MP: 4/4
   940 | D:2      | Noticed Sigmund
   952 | D:2      | 952 ||| READING scroll labelled KOQIGOONTA.
   963 | D:2      | Killed Sigmund
   964 | D:2      | Reached skill level 5 in Ranged Weapons
   964 | D:2      | Reached XP level 4. HP: 13/27 MP: 5/5
   964 | D:2      | Reached XP level 5. HP: 15/31 MP: 6/6
  1096 | D:2      | Found Buckaler's Magic Scroll Emporium.
  1106 | D:2      | 1106 ||| SHOPLISTING scroll of brand weapon (133 gold, have
                  | 60).
  1106 | D:2      | 1106 ||| BUYING scroll of identify (28 gold).
  1106 | D:2      | Bought a scroll of identify for 28 gold pieces
  1106 | D:2      | 1106 ||| SHOPLISTING scroll of teleportation (42 gold, have
                  | 32).
  1460 | D:2      | Reached skill level 1 in Armour
  1530 | D:2      | 1530 ||| READING 3 scrolls of identify.
  1530 | D:2      | 1530 ||| IDENTIFYING fuming white potion
  1531 | D:2      | 1531 ||| READING 2 scrolls of identify.
  1531 | D:2      | 1531 ||| IDENTIFYING blue potion
  1553 | D:3      | 1553 ||| PLANNING SEWER
  1585 | D:3      | Reached skill level 3 in Fighting
  1585 | D:3      | Reached XP level 6. HP: 37/37 MP: 7/7
  1598 | D:3      | 1598 ||| Stepping ~*~*~tactically~*~*~ (outnumbered).
  2293 | D:3      | 2293 ||| RIP SEWER
  2307 | D:3      | 2307 ||| PLANNING D:1-11
  2539 | D:3      | 2539 ||| READING scroll labelled FOZEOJ HOXAYGG.
  2540 | D:3      | 2540 ||| READING scroll labelled URPHOR HYR BACY.
  2541 | D:3      | 2541 ||| DRINKING 3 fuming sapphire potions.
  2702 | D:4      | Found the +8 mithril axe "Arga" {speed, Will+}
  2794 | D:4      | HP: 7/37 [something (3)]
  2797 | D:4      | HP: 3/37 [something (1)]
  2803 | D:4      | HP: 1/37 [something (2)]
  2805 | D:4      | Killed from afar by an orc wizard

Levels and vault maps discovered:
D:1:      wheals_arrival_shading, layout_basic, serial_shops,
          nicolae_shop_tiny_glass
D:2:      layout_loops_ring, serial_shops, nicolae_shop_waterfront,
          minmay_goblin_kobold_house, uniq_sigmund, uniq_jessica
D:3:      layout_basic, gup_sewer_entry_pipe, wad_floor_pattern_untrapped,
          nicolae_the_louvre
D:4:      layout_loops_ring, lemuel_mausoleum_altar_yredelemnul

Skill      XL: |  1  2  3  4  5 |
---------------+----------------+-----
Ranged Weapons | 3 5 |  5.9
Fighting       | 2 3 |  3.0
Armour         | 1 |  1.0
Dodging        | |  1.5
Spellcasting   | |  1.0
Hexes          | |  2.6

Action                     |  1- 3 |  4- 6 || total
---------------------------+-------+-------++-------
   Fire: Sling             |    69 |   174 ||   243
    Use: Scroll            |     2 |     4 ||     6
         Potion            |       |     1 ||     1
 Armour: Robe              |     2 |       ||     2
         Ring mail         |    10 |   101 ||   111
  Dodge: Dodged            |    23 |   104 ||   127

Table legend:
 A = Non-vault XP
 B = Vault XP
 C = Vault XP percentage of total XP
 D = Non-vault monster count
 E = Vault monster count
 F = Vault count percentage of total count
                 A         B        C        D         E       F
            +---------+---------+-------+---------+---------+-------
      Total |     163 |     285 |  63.6 |      49 |      13 |  21.0
            +---------+---------+-------+---------+---------+-------
        D:1 |      15 |       0 |   0.0 |       9 |       0 |   0.0
        D:2 |      30 |     273 |  90.1 |      16 |       7 |  30.4
        D:3 |      98 |      12 |  10.9 |      20 |       6 |  23.1
        D:4 |      20 |       0 |   0.0 |       4 |       0 |   0.0
            +---------+---------+-------+---------+---------+-------
